 Dungeon Crawl Stone Soup version 0.23-a0-290-g290e36d (webtiles) character file.

21 Barriton the Gusty (level 2, -17/20 HPs)
             Began as a Draconian Air Elementalist on Oct 3, 2018.
             Demolished by an ogre
             ... wielding a +0 giant club
              (18 damage)
             ... on level 2 of the Dungeon.
             The game lasted 00:02:23 (551 turns).

Barriton the Gusty (Draconian Air Elementalist)      Turns: 551, Time: 00:02:23

Health: -17/20     AC:  4    Str: 10    XL:     2   Next: 65%
Magic:  2/5        EV: 12    Int: 15    God:
Gold:   52         SH:  0    Dex: 11    Spells: 4/5 levels left

rFire    . . .     SeeInvis .   (no weapon)
rCold    . . .     Gourm    .   (no shield)
rNeg     . . .     Faith    .   (armour unavailable)
rPois    .         Spirit   .   (helmet restricted)
rElec    .         Reflect  .   (no cloak)
rCorr    .         Harm     .   (no gloves)
MR       .....                  (no boots)
Stlth    ++........             (no amulet)
HPRegen  0.06/turn              (no ring)
MPRegen  0.09/turn              (no ring)

@: very slightly contaminated
A: unfitting armour, cold-blooded, AC +4
a: no special abilities


You were on level 2 of the Dungeon.
You were not hungry.

You visited 1 branch of the dungeon, and saw 2 of its levels.

You collected 52 gold pieces.

Inventory:

Missiles
 c - a steel javelin (quivered)
Potions
 a - a potion of heal wounds {unknown}
 e - a potion of degeneration {unknown}
Comestibles
 b - 3 rations
 f - 2 chunks of flesh


   Skills:
 + Level 0.6 Throwing
 + Level 1.8 Dodging
 + Level 1.7 Stealth
 + Level 2.0 Spellcasting
 + Level 1.2 Conjurations
 + Level 3.6 Air Magic


You had 4 spell levels left.
You knew the following spells:

 Your Spells              Type           Power        Failure   Level  Hunger
a - Shock                 Conj/Air       #...         9%          1    #......

Your spell library contained the following spells:

 Spells                   Type           Power        Failure   Level  Hunger
 Swiftness                Chrm/Air       #.......     16%         2    ###....
 Static Discharge         Conj/Air       #.......     24%         3    ###....
 Airstrike                Air            ##........   43%         4    #####..
 Lightning Bolt           Conj/Air       #.........   92%         5    ######.


Dungeon Overview and Level Annotations

Branches:
Dungeon (2/15)

Altars:


Innate Abilities, Weirdness & Mutations

Your plain brown scales are hard. (AC +4)
You cannot fit into any form of body armour.
You are cold-blooded and may be slowed by cold attacks.


Message History

Aim: an ogre, wielding a giant club (moderately wounded)
You throw a steel javelin. The steel javelin hits the ogre!
The ogre is severely wounded.
The ogre barely misses you.
Throwing (i - inventory)
c - 3 steel javelins (quivered)
Press: ? - help, Shift-Dir - straight line, f/p - ogre
Aim: an ogre, wielding a giant club (severely wounded)
You throw a steel javelin.
The steel javelin barely misses the ogre.
The ogre closely misses you. The ogre hits you with a giant club!
Ouch! That really hurt!
* * * LOW HITPOINT WARNING * * *
Throwing (i - inventory)
c - 2 steel javelins (quivered)
Press: ? - help, Shift-Dir - straight line, f/p - ogre
Aim: an ogre, wielding a giant club (severely wounded)
You throw a steel javelin. The steel javelin hits the ogre!
The ogre is almost dead.
The ogre hits you with a giant club!!
Ouch! That really hurt!
You die...

## .. ###.
#
...#####.#
#..(...
.####..l^#
(.....O@.#
.####.##.#
# .# ..
###


You could see an ogre and a frilled lizard.

Vanquished Creatures
  A dart slug (D:1)
  A leopard gecko (D:1)
  5 bats (D:1)
  2 goblins (D:1)
  3 hobgoblins (D:1)
  A frilled lizard (D:1)
  2 kobolds (D:1)
  2 rats (D:1)
17 creatures vanquished.

Notes
Turn   | Place    | Note
-------+----------+-------------------------------------------
     0 | D:1      | Barriton the Draconian Air Elementalist began the quest for
                  | the Orb.
     0 | D:1      | Reached XP level 1. HP: 14/14 MP: 3/3
   126 | D:1      | Reached XP level 2. HP: 20/20 MP: 0/5
   543 | D:2      | Noticed an ogre
   550 | D:2      | HP: 1/20 [ogre/giant club (17)]
   551 | D:2      | Demolished by an ogre

Vault maps used:
D:1:      nicolae_arrival_somewhat_less_tricky_arrival, serial_glass,
          glass_columns_b, glass_columns_b

Action                   || total
-------------------------++-------
Melee: Unarmed           ||     7
Throw: Javelin           ||    20
 Cast: Shock             ||    21
  Use: Scroll            ||     1
Armor: Skin              ||     8
Dodge: Dodged            ||    26

Table legend:
 A = Non-vault XP
 B = Vault XP
 C = Vault XP percentage of total XP
 D = Non-vault monster count
 E = Vault monster count
 F = Vault count percentage of total count
                 A         B        C        D         E       F
            +---------+---------+-------+---------+---------+-------
      Total |      31 |       0 |   0.0 |      17 |       0 |   0.0
            +---------+---------+-------+---------+---------+-------
        D:1 |      31 |       0 |   0.0 |      17 |       0 |   0.0
            +---------+---------+-------+---------+---------+-------
